 Dungeon Crawl Stone Soup version 0.26.1-10-gdfb7c7de75 (webtiles) character file.

Game seed: 16655416286699711456

5712 sankara the Grappler (level 10, -20/150 HPs)
             Began as a Troll Berserker on Apr 5, 2021.
             Was an Elder of Trog.
             Demolished by a spatial maelstrom (22 damage)
             ... on level 1 of the Abyss.
             The game lasted 00:23:01 (7745 turns).

sankara the Grappler (Troll Berserker)              Turns: 7745, Time: 00:23:01

Health: -20/150    AC: 10    Str: 26      XL:     10   Next: 48%
Magic:  9/9        EV: 13    Int:  1 (4)  God:    Trog [****..]
Gold:   675        SH:  0    Dex: 11      Spells: 9/9 levels left

rFire    . . .     SeeInvis +     - Unarmed
rCold    . . .     Faith    +   (no shield)
rNeg     + . .     Spirit   .   a - +1 animal skin
rPois    +         Reflect  .   (helmet restricted)
rElec    .         Harm     .   y - +2 ratskin cloak {*Rats rPois rN+ Str-1 Int-1 Dex+1}
rCorr    .         Rampage  .   (gloves unavailable)
Will     ++...                  (boots unavailable)
Stlth    ..........             s - amulet of faith
HPRegen  1.75/turn              x - ring of see invisible
MPRegen  0.11/turn              (no ring)

@: berserking, regenerating, very quick
A: large, unfitting armour, claws 3, regeneration 1, shaggy fur 1, tough skin 3
a: Renounce Religion, Berserk, Trog's Hand, Brothers in Arms


You were on level 1 of the Abyss.
You worshipped Trog.
Trog was greatly pleased with you.
You visited 1 branch of the dungeon, and saw 9 of its levels.
You visited the Abyss 1 time.
You also visited: Ossuary.

You collected 675 gold pieces.

Inventory:

Hand Weapons
 b - a +1 hunting sling of flaming
 u - the +9 dagger of Dishonesty {antimagic, rF++ Dex+2, unknown}
   (You found it on level 4 of the Dungeon)

   It reduces the magical energy of the wielder, and disrupts the spells and
   magical abilities of those hit.
   Natural abilities and divine invocations are not affected.
   It affects your dexterity (+2).
   It greatly protects you from fire.
Missiles
 d - 327 stones (quivered)
 i - 68 sling bullets
 B - a throwing net
Armour
 a - a +1 animal skin (worn)
 y - the +2 ratskin cloak (worn) {*Rats rPois rN+ Str-1 Int-1 Dex+1}
   (You found it on level 6 of the Dungeon)

   It affects your strength (-1).
   It affects your intelligence (-1).
   It affects your dexterity (+1).
   It protects you from poison.
   It protects you from negative energy.
Jewellery
 s - an amulet of faith (around neck)
 x - a ring of see invisible (left claw)
Wands
 z - a wand of disintegration (6)
Scrolls
 e - 2 scrolls of amnesia
 f - a scroll of magic mapping
 g - a scroll of teleportation
 h - 6 scrolls of enchant armour
 j - a scroll of remove curse
 k - 6 scrolls of identify
 q - a scroll of enchant weapon
Potions
 l - a potion of curing
 n - 2 potions of invisibility
 o - 4 potions of lignification
 p - a potion of magic
 r - a potion of brilliance
 t - a potion of resistance
 v - 2 potions of heal wounds
 w - a potion of mutation
 A - a potion of haste
Miscellaneous
 c - a phantom mirror


   Skills:
 + Level 6.9 Fighting
 - Level 3.0 Throwing
 + Level 6.9 Dodging
 * Level 11.2 Unarmed Combat


You had 9 spell levels left.
You didn't know any spells.
Your spell library contained the following spells:

 Spells                   Type           Power        Failure   Level
 Summon Demon             Summ           0%           100%        5
 Summon Forest            Summ/Tloc      0%           100%        5
 Summon Mana Viper        Hex/Summ       0%           100%        5
 Shadow Creatures         Summ           N/A          100%        6
 Summon Hydra             Summ           0%           100%        7


Dungeon Overview and Level Annotations

Branches:
Dungeon (9/15)             Temple (0/1) D:5         Ossuary (visited)
   Lair: D:8-11         Orc: D:9-12

Altars:
Ashenzari
Cheibriados
Elyvilon
Gozag
Makhleb
Nemelex Xobeh
Okawaru
Qazlal
Ru
Sif Muna
Trog
Wu Jian
Yredelemnul

Shops:
D:7 (


Innate Abilities, Weirdness & Mutations

You are too large for most types of armour.
You have claws for hands.
Your natural rate of healing is unusually fast.
You are covered in fur. (AC +1)
You have extremely tough skin. (AC +3)


Message History

You hold your ground!
The thrashing horror misses you.
A red film seems to cover your vision as you go berserk!
You feel yourself moving faster!
You feel mighty! The thrashing horror tramples you.
* * * LOW HITPOINT WARNING * * *
You stumble backwards!
The spatial maelstrom barely misses you.
The spatial maelstrom misses you.
You closely miss the thrashing horror. You claw the thrashing horror!
The thrashing horror is heavily damaged.
The thrashing horror tramples you.
* * * LOW HITPOINT WARNING * * *
You hold your ground!
The thrashing horror tramples you!
* * * LOW HITPOINT WARNING * * *
You hold your ground!
The spatial maelstrom hits you but does no damage.
The spatial maelstrom hits you!
* * * LOW HITPOINT WARNING * * *
Space warps horribly around you!!
You die...

## #....#. ## ## ##..##
#. ###.# # # #. ...##.
.#..#. .#. #..
#....###.#..##..#.
...##.#........v#.#.#..#
# ###.# #.....#......>##
#.....#.#.........#... .
.##.##.....G.X#...# # .#
#..###.###v@.# ###
##...#.#.#..#.# . ##
.###.#...#.#..# .
...#.#....#........ # .#
..#..###.#..##.#. †#..
.## ..#.## ## # ##..#..
# ## ... ..


You could see a spatial maelstrom, a great orb of eyes, a spatial vortex and a
thrashing horror.

Vanquished Creatures
  Harold (D:7)
  Erica (D:8)
  A phantasmal warrior (Abyss:1)
  An ugly thing (D:8)
  A raiju (Abyss:1)
  A neqoxec (Abyss:1)
  A water moccasin (D:7)
  2 black bears (D:9)
  A sky beast (D:8)
  2 ogres
  2 phantoms
  2 centaurs
  An elf zombie (Ossuary)
  6 bullfrogs
  A gnoll sergeant (D:7)
  A water moccasin skeleton (D:8)
  2 scorpions
  9 killer bees
  4 howler monkeys (D:7)
  A small abomination (Abyss:1)
  A quasit (D:6)
  2 hounds
  An orc priest (D:7)
  A bullfrog skeleton (D:8)
  A jelly (D:9)
  Crazy Yiuf (D:7)
  2 centaur skeletons
  An iguana (D:5)
  2 orc wizards (D:9)
  4 worker ants
  A hell rat (D:6)
  2 big kobold zombies (Ossuary)
  A killer bee zombie (D:7)
  2 hound zombies (D:7)
  2 mummies (Ossuary)
  10 gnolls
  10 adders
  6 river rats (D:6)
  A white imp (D:7)
  3 ufetubi
  4 oozes
  An adder zombie (D:5)
  3 worms
  3 dart slugs
  6 leopard geckos
  20 orcs
  7 bats
  6 giant cockroaches
  5 gnoll zombies
  9 goblins
  9 hobgoblins
  18 jackals
  9 kobolds
  4 quokkas
  5 frilled lizards
  3 goblin zombies (Ossuary)
  2 hobgoblin zombies (Ossuary)
  2 jackal skeletons
  3 orc zombies (Ossuary)
  A quokka zombie (D:8)
  21 rats
236 creatures vanquished.

Vanquished Creatures (collateral kills)
  2 killer bees (D:8)
2 creatures vanquished.

Vanquished Creatures (others)
  10 fungi
  A lurking horror (Abyss:1)
  3 plants
14 creatures vanquished.

Grand Total: 252 creatures vanquished

Notes
Turn   | Place    | Note
-------+----------+-------------------------------------------
     0 | D:1      | sankara the Troll Berserker began the quest for the Orb.
     0 | D:1      | Reached XP level 1. HP: 22/22 MP: 0/0
    64 | D:1      | Reached XP level 2. HP: 27/29 MP: 1/1
   378 | D:1      | Reached XP level 3. HP: 29/36 MP: 2/2
   721 | D:2      | Reached ** piety under Trog
   756 | D:2      | Reached skill level 4 in Unarmed Combat
   850 | D:2      | Found a stormy altar of Qazlal.
  1024 | D:2      | Reached XP level 4. HP: 44/44 MP: 3/3
  1674 | D:3      | Found a bloodstained altar of Trog.
  1863 | D:3      | Reached XP level 5. HP: 43/53 MP: 4/4
  2319 | D:3      | Reached *** piety under Trog
  2532 | D:4      | You fall into a shaft and drop 1 floor!
  2532 | D:5      | Entered Level 5 of the Dungeon
  2578 | D:5      | Reached skill level 1 in Throwing
  2632 | D:5      | Reached skill level 5 in Unarmed Combat
  2743 | D:5      | Noticed an ogre
  2749 | D:5      | Killed an ogre
  2750 | D:5      | Reached XP level 6. HP: 61/61 MP: 5/5
  2784 | D:4      | Found a sand-covered staircase.
  2834 | Ossuary  | Entered an ossuary
  3201 | D:4      | Reached XP level 7. HP: 68/68 MP: 6/6
  3213 | D:4      | Reached skill level 6 in Unarmed Combat
  3328 | D:4      | Found a white marble altar of Elyvilon.
  3328 | D:4      | Found a shimmering blue altar of Sif Muna.
  3415 | D:4      | Found a sacrificial altar of Ru.
  3585 | D:4      | Found an ornate altar of the Wu Jian Council.
  3608 | D:4      | Got a brightly glowing dagger
  3860 | D:5      | Found a staircase to the Ecumenical Temple.
  3934 | D:5      | Found an iron altar of Okawaru.
  4247 | D:6      | Reached **** piety under Trog
  4281 | D:6      | Found a broken altar of Ashenzari.
  4766 | D:6      | Found a basalt altar of Yredelemnul.
  4897 | D:6      | Reached XP level 8. HP: 73/78 MP: 7/7
  5179 | D:6      | Reached skill level 7 in Unarmed Combat
  5208 | D:6      | Found the +2 ratskin cloak {*Rats rPois rN+ Str-1 Int-1
                  | Dex+1}
  5448 | D:7      | HP: 2/79 [gnoll sergeant/+0 trident (2)]
  5588 | D:7      | Reached skill level 8 in Unarmed Combat
  5687 | D:7      | Found a runed translucent door.
  5688 | D:7      | Noticed Crazy Yiuf
  5785 | D:7      | Reached skill level 5 in Dodging
  5834 | D:7      | Reached skill level 5 in Fighting
  5916 | D:7      | Found Ygyxt's Weapon Boutique.
  6132 | D:7      | Killed Crazy Yiuf
  6213 | D:8      | Noticed Erica
  6213 | D:8      | Noticed Harold
  6226 | D:8      | Killed Erica
  6227 | D:8      | Reached skill level 9 in Unarmed Combat
  6227 | D:8      | Reached XP level 9. HP: 77/88 MP: 8/8
  6235 | D:7      | Killed Harold
  6299 | D:8      | Reached skill level 10 in Unarmed Combat
  6300 | D:8      | Reached ***** piety under Trog
  6757 | D:8      | Found a snail-covered altar of Cheibriados.
  6773 | D:8      | Found a sparkling altar of Nemelex Xobeh.
  6776 | D:8      | Found a burning altar of Makhleb.
  6874 | D:8      | Reached XP level 10. HP: 98/98 MP: 9/9
  7185 | D:8      | Noticed a cyan ugly thing
  7191 | D:8      | Killed a cyan ugly thing
  7498 | D:9      | Found an opulent altar of Gozag.
  7626 | D:9      | Cast into level 1 of the Abyss (gnoll sergeant)
  7633 | Abyss:1  | Noticed a phantasmal warrior
  7647 | Abyss:1  | Killed a phantasmal warrior
  7648 | Abyss:1  | Reached skill level 11 in Unarmed Combat
  7730 | Abyss:1  | Noticed a spatial maelstrom
  7730 | Abyss:1  | Noticed a great orb of eyes
  7737 | Abyss:1  | Noticed a thrashing horror
  7745 | Abyss:1  | HP: 2/150 [spatial maelstrom (8)]
  7745 | Abyss:1  | Demolished by a spatial maelstrom

Illustrated notes

Levels and vault maps discovered:
D:1:      lightli_arrival_isolated_outpost, layout_basic
D:2:      layout_basic, nicolae_qazlal_general_emergency
D:3:      layout_basic, bloody_trog, marbit_many_paths, serial_forest,
          infiniplex_forest_clump_double, infiniplex_forest_lined_room_,
          infiniplex_forest_end_1, infiniplex_forest_straight_3,
          infiniplex_forest_end_2, infiniplex_forest_clump_C,
          infiniplex_forest_lined_2, infiniplex_forest_clump_long
D:4:      layout_rooms, kennysheep_mini_moat,
          gammafunk_temple_overflow_elements, nicolae_overflow_crystal_walls,
          nicolae_ossuary_entry_false_entrances, st_stairs_3
D:5:      layout_basic, temple_hall, solitary_fountain,
          okawaru_altar_gauntlet_db
D:6:      wander_guarded_unrand_ratskin, layout_loops_corners,
          lemuel_zombie_altar_yredelemnul, nicolae_benzene_ring,
          ashenzari_altar_1
D:7:      layout_rooms, serial_shops, kennysheep_mini, uniq_crazy_yiuf_cottage
D:8:      layout_basic, minitemple, uniq_erica, uniq_harold
D:9:      layout_gridville, kennysheep_little_box,
          grunt_lair_entry_orc_guard_hut, erik_orc_1, enter_bailey_4,
          basic_altar, serial_bayou_crossing
Abyss:1:  base: D:8, bh_abyss_exit_spiral

Skill      XL: |  1  2  3  4  5  6  7  8  9 10 |
---------------+-------------------------------+-----
Unarmed Combat | 4 5 6 9 10 11 | 11.2
Fighting       | 3 4 5 6 |  6.9
Dodging        | 3 4 5 6 |  6.9
Throwing       | 1 2 3 |  3.0

Action                   |  1- 3 |  4- 6 |  7- 9 | 10-12 || total
-------------------------+-------+-------+-------+-------++-------
Melee: Unarmed           |    86 |   162 |   298 |    71 ||   617
       Punch             |     1 |     1 |     7 |     4 ||    13
Invok: Berserk           |       |     4 |     9 |     3 ||    16
       Trog's Hand       |       |     1 |     3 |     6 ||    10
  Use: Potion            |       |       |     3 |       ||     3
       Scroll            |       |       |    17 |       ||    17
 Stab: Sleeping          |       |       |     1 |       ||     1
Armor: Animal skin       |    33 |    61 |   133 |    19 ||   246
Dodge: Dodged            |    47 |   109 |   251 |    42 ||   449
